 Dungeon Crawl Stone Soup version 0.32-a0-872-g59262bd (webtiles) character file.

Game seed: 11142482005028180865

428 Draconius the Digger (level 6, -2/35 HPs)
             Began as a Gargoyle Earth Elementalist on Mar 29, 2024.
             Slain by an acid dragon (9 damage)
             ... on level 7 of the Dungeon.
             The game lasted 00:15:52 (2624 turns).

Draconius the Digger (Gargoyle Earth Elementalist)  Turns: 2624, Time: 00:15:53

Health: -2/35      AC:  7    Str:  9 (11) XL:     6   Next: 98%
Magic:  7/10       EV:  8    Int: 15 (18) God:
Gold:   95         SH:  7    Dex:  8 (10) Spells: 6/10 levels left

rFire   + . .        l - +4 short sword
rCold   + . .        m - +0 kite shield
rNeg    + . .        a - +0 robe
rPois   ∞            (no helmet)
rElec   +            u - +0 cloak
rCorr   +            (no gloves)
SInv    +            (no boots)
Will    .....        p - amulet of regeneration
Stlth   ++           n - ring of see invisible
HPRegen 1.05/turn    (no ring)
MPRegen 0.12/turn

%: no passive effects
@: mighty, resistant
A: sickness immunity, AC +4, negative energy resistance 1, electricity
resistance, torment resistance 1, petrification resistance
a: no special abilities


You were on level 7 of the Dungeon.
You visited 1 branch of the dungeon, and saw 5 of its levels.

You collected 95 gold pieces.

Inventory:

Hand Weapons
 d - a +0 short sword
 l - a +4 short sword (weapon)
Missiles
 g - a poisoned dart
Armour
 a - a +0 robe (worn)
 m - a +0 kite shield (worn)
 u - a +0 cloak (worn)
Jewellery
 n - a ring of see invisible (left hand)
 p - an amulet of regeneration (around neck)
 q - an amulet of guardian spirit
Scrolls
 h - a scroll of vulnerability
 r - a scroll of acquirement {unknown}
 v - a scroll of enchant weapon {unknown}
 x - a scroll of fear {unknown}
 y - a scroll of brand weapon {unknown}
Potions
 b - a potion of magic
 j - a potion of attraction
 w - a potion of degeneration


   Skills:
 + Level 2.0 Fighting
 - Level 1.5 Dodging
 - Level 2.1 Stealth
 + Level 2.2 Shields
 + Level 2.7 Spellcasting
 + Level 3.6 Conjurations
 * Level 6.7 Earth Magic


You had 6 spell levels left.
You knew the following spells:

 Your Spells              Type           Power      Damage    Failure   Level
a - Sandblast             Erth           44%        2d11      7%          1
b - Stone Arrow           Conj/Erth      34%        3d9       36%         3

Your spell library contained the following spells:

 Spells                   Type           Power      Damage    Failure   Level
 Passwall                 Erth           22%        N/A       21%         3
 Magic Dart               Conj           48%        1d5       26%         1
 Searing Ray              Conj           24%        2d5       36%         2
 Brom's Barrelling Bould  Conj/Erth      17%        2d4       78%         4
 Call Imp                 Summ           4%         N/A       86%         2
 Petrify                  Alch/Erth      12%        N/A       95%         4
 Fulminant Prism          Conj/Alch      3%         3d5       99%         4
 Dispersal                Tloc           1%         N/A       100%        6
 Gell's Gavotte           Tloc           1%         2d(11-17) 100%        6
 Manifold Assault         Tloc           1%         N/A       100%        7
 Summon Hydra             Summ           1%         N/A       100%        7
 Disjunction              Tloc           1%         N/A       100%        8
 Sublimation of Blood     Necr           Unusable   N/A       N/A         2

Dungeon Overview and Level Annotations

Branches:
Dungeon (4/15)
 Temple: D:4-7

Altars:
Ru

Annotations:
D:2 1 runed translucent door, Crazy Yiuf


Innate Abilities, Weirdness & Mutations

You are immune to sickness and miasma.
Your stone body is resilient. (AC +4)
You are immune to poison.
You resist negative energy. (rN+)
You are resistant to electric shocks. (rElec)
You are resistant to unholy torment.
You are immune to petrification.


Message History

The bullfrog hits you but does no damage.
You block the bullfrog's attack.
You hit the bullfrog.
The bullfrog is almost dead.
The bullfrog hits you but does no damage. x3
The shadow imp is attracted toward you.
You hit the bullfrog.
You kill the bullfrog!
You feel less wooden.
Your +0 cloak unmelds from your body.
Your +0 robe unmelds from your body.
You block the acid dragon's attack. The acid dragon claws you.
You feel less attractive to monsters.
Your Fighting skill increases to level 2!
Aiming: Sandblast (safe; 7% risk of failure)
Press: ? - help, Q - select action, (/) - cycle Shift-Dir - straight line, f/p - wraith
Aim: a wraith (lightly damaged, 83% to hit)
The blast of sand hits the acid dragon.
The acid dragon is moderately wounded.
The acid dragon spits acid at you. The splash of acid hits you! You resist.
The acid dragon closely misses you.
The acid dragon claws you but does no damage.
Aiming: Sandblast (safe; 7% risk of failure)
Press: ? - help, Q - select action, (/) - cycle Shift-Dir - straight line, f/p - wraith
Aim: a wraith (lightly damaged, 83% to hit)
The blast of sand hits the acid dragon but does no damage.
The acid dragon is moderately wounded.
The acid dragon bites you but does no damage.
The acid dragon claws you but does no damage.
The shadow imp sputters.
You block the acid dragon's attack. The acid dragon claws you.
The acid dragon spits acid at you. The splash of acid hits you. You resist.
* * * LOW HITPOINT WARNING * * *
Okay, then.
As you read the scroll labelled BACIZYGUOPH, it crumbles to dust.
The creatures around you are filled with an inner flame!
It was a scroll of immolation.
You feel yourself speed up. The acid dragon bites you!
You die...

#..# ## [(. ..#
#..# ##..# #
#.D.###..... #+#.
#..#.....#####.. ##
#.D....###.#......#
#.5.###...##..#..##
#.#'#5...D.#......#
###.....#..##@..#
##..###.5WD.###
#...###.5###
##(.#.....#
#..).).### ##...###
#.### ###


You could see a wraith (inner flame), an acid dragon (inner flame), a white imp
and a shadow imp (inner flame).

Vanquished Creatures
  An ogre (D:4)
  A centaur (D:7)
  A bullfrog (D:7)
  2 jellies
  A bombardier beetle (D:2)
  3 adders
  2 dart slugs
  4 ribbon worms
  An orc (D:7)
  6 ball pythons
  5 endoplasms
  4 giant cockroaches
  3 goblins
  4 hobgoblins
  7 jackals
  4 quokkas
  8 bats
  10 kobolds
  8 rats
75 creatures vanquished.

Notes
Turn   | Place    | Note
-------+----------+-------------------------------------------
     0 | D:1      | Draconius the Gargoyle Earth Elementalist began the quest
                  | for the Orb.
     0 | D:1      | Reached XP level 1. HP: 10/10 MP: 3/3
   148 | D:1      | Reached skill level 4 in Earth Magic
   237 | D:1      | Reached XP level 2. HP: 15/15 MP: 1/5
   472 | D:1      | Found a faded altar of an unknown god.
   534 | D:1      | Reached XP level 3. HP: 18/19 MP: 0/6
   600 | D:1      | Learned a level 3 spell: Stone Arrow
   772 | D:2      | Reached skill level 5 in Earth Magic
   788 | D:2      | Reached XP level 4. HP: 24/24 MP: 5/7
  1513 | D:2      | Found a runed translucent door.
  1514 | D:2      | Noticed Crazy Yiuf
  2041 | D:3      | Found a sacrificial altar of Ru.
  2058 | D:3      | Reached XP level 5. HP: 28/28 MP: 6/8
  2238 | D:4      | Reached skill level 1 in Shields
  2246 | D:4      | Noticed an ogre
  2427 | D:4      | Killed an ogre
  2428 | D:4      | Reached skill level 1 in Fighting
  2428 | D:4      | Reached skill level 6 in Earth Magic
  2428 | D:4      | Reached XP level 6. HP: 34/34 MP: 9/9
  2542 | D:4      | You fall into a shaft and drop 3 floors!
  2579 | D:7      | Noticed a wraith
  2593 | D:7      | Noticed an acid dragon
  2624 | D:7      | Slain by an acid dragon

Illustrated notes

Levels and vault maps discovered:
D:1:      dpeg_arrival_tiny_d, layout_rooms, ebering_ecumenical_altar_box
D:2:      layout_rooms, minmay_diced_spiral, uniq_crazy_yiuf_cottage
D:3:      layout_rooms, nicolae_ru_great_annihilating_truth, grunt_ministairs_1,
          grunt_decor_resistance
D:4:      layout_rooms, hellmonk_no_cap
D:7:      minmay_slanted_spiral_squares, layout_basic, general_overflow_altar,
          regret_index_xom_of_box

Skill      XL: |  1  2  3  4  5  6 |
---------------+-------------------+-----
Earth Magic    | 4 5 6 |  6.7
Conjurations   | 2 3 |  3.6
Shields        | 1 2 |  2.2
Fighting       | 1 2 |  2.0
Dodging        | |  1.5
Stealth        | |  2.1
Spellcasting   | |  2.7

Action                     |  1- 3 |  4- 6 || total
---------------------------+-------+-------++-------
  Melee: Short sword       |     4 |    17 ||    21
  Throw: Boomerang         |     7 |    46 ||    53
         Dart              |     4 |     5 ||     9
         Throwing net      |       |     3 ||     3
   Cast: Sandblast         |    31 |    52 ||    83
  Evoke: Wand              |       |     5 ||     5
    Use: Potion            |       |     8 ||     8
         Scroll            |       |     3 ||     3
 Armour: Robe              |     3 |    59 ||    62
         Skin              |       |    23 ||    23
  Dodge: Dodged            |    18 |    14 ||    32
  Block: Kite shield       |       |    18 ||    18

Table legend: (Time is in decaauts)
 A = Elapsed time spent in this place.
 B = Non-inter-level travel time spent in this place.
 C = Inter-level travel time spent in this place.
 D = Time resting spent in this place.
 E = Time spent auto-exploring this place.
 F = Levels seen in this place.
 G = Mean time per level.
                   A        B        C        D        E       F      G
               +--------+--------+--------+--------+--------+-----+--------+
         Total |   2713 |   2590 |    123 |     40 |   1907 |   5 |  542.6 |
       Dungeon |   2713 |   2590 |    123 |     40 |   1907 |   5 |  542.6 |
               +--------+--------+--------+--------+--------+-----+--------+

Top non-repeatable levels by time:
     D:2: 823 daAuts
     D:1: 779 daAuts
     D:3: 705 daAuts
     D:4: 297 daAuts
     D:7: 107 daAuts
